EL
ERIE SEAWOLVES @ ARKANSAS TRAVELERS
08/21/2048
 
TOP OF THE 1ST
Erie SeaWolves batting - Pitching for Arkansas Travelers : RHP Tim Anderson
Pitching: RHP Tim Anderson
Batting: RHB Eric Angelle 0-0: Foul Ball, location: 2F
0-1: Ball
1-1: Ground out 4-3 (Groundball, 4M, EV 90.0 MPH)
Batting: RHB Tony Soto 0-0: Called Strike
0-1: Foul Ball, location: 2F
0-2: Ball
1-2: Ball
2-2: Foul Ball, location: 2F
2-2: SINGLE (Flyball, 8LS, EV 95.0 MPH)
Batting: RHB John Evancho 0-0: Ball
1-0: TRIPLE (Flyball, 8LXD, EV 106.9 MPH)
Tony Soto scores
Batting: RHB Adam MacConnell 0-0: Ball
1-0: Called Strike
1-1: Called Strike
1-2: Ball
2-2: Ground out 5-3 (Groundball, 56, EV 81.9 MPH)
John Evancho scores
Batting: RHB Benny O'Connor 0-0: Foul Ball, location: 2F
0-1: Foul Ball, location: 2F
0-2: Ball
1-2: Foul Ball, location: 2F
1-2: SINGLE (Line Drive, 4MD, EV 95.0 MPH)
Batting: RHB Tanner Purchase 0-0: Ball
1-0: Called Strike
1-1: Foul Ball, location: 2F
1-2: Ball
2-2: Ball
3-2: Ground out 5-3 (Groundball, 56, EV 104.4 MPH)
Top of the 1st over - 2 runs, 3 hits, 0 errors, 1 left on base; Erie 2 - Arkansas 0
BOTTOM OF THE 1ST
Arkansas Travelers batting - Pitching for Erie SeaWolves : RHP Adam Huemmer
Pitching: RHP Adam Huemmer
Batting: LHB Larry Prey 0-0: Ground out U3 (Groundball, 34, EV 84.4 MPH)
Batting: LHB Griffin Ferris 0-0: Foul Ball, location: 2F
0-1: Called Strike
0-2: Strikes out swinging
Batting: LHB Mark Reeg 0-0: Ball
1-0: Swinging Strike
1-1: Foul Ball, location: 2F
1-2: Foul Ball, location: 2F
1-2: Ball
2-2: Foul Ball, location: 2F
2-2: Strikes out swinging
Bottom of the 1st over - 0 runs, 0 hits, 0 errors, 0 left on base; Erie 2 - Arkansas 0
TOP OF THE 2ND
Erie SeaWolves batting - Pitching for Arkansas Travelers : RHP Tim Anderson
Batting: RHB Jose Evangelista 0-0: Ball
1-0: Ground out 4-3 (Groundball, 4, EV 103.8 MPH)
Batting: RHB Willie Ochoa 0-0: Called Strike
0-1: Ball
1-1: Foul Ball, location: 2F
1-2: Ball
2-2: SINGLE (Groundball, 34D, EV 103.1 MPH)
Batting: RHB Mike Sebastian 0-0: Ball
1-0: Foul Ball, location: 2F
1-1: Ball
2-1: Ball
3-1: Base on Balls
Willie Ochoa to second
Batting: RHB Eric Angelle 0-0: Ball
1-0: Foul Ball, location: 2F
1-1: Swinging Strike
1-2: Foul Ball, location: 2F
1-2: Ball
2-2: Strikes out swinging
Batting: RHB Tony Soto 0-0: Ball
1-0: Swinging Strike
1-1: DOUBLE (Flyball, 89XD, EV 96.9 MPH)
Willie Ochoa scores
Mike Sebastian to third
Runner from 3rd tries for Home, SAFE, throw by RF to home
Batting: RHB John Evancho 0-0: Ball
1-0: Called Strike
1-1: Ball
2-1: Ball
3-1: Called Strike
3-2: Foul Ball, location: 2F
3-2: Strikes out swinging
Top of the 2nd over - 2 runs, 2 hits, 0 errors, 1 left on base; Erie 4 - Arkansas 0
BOTTOM OF THE 2ND
Arkansas Travelers batting - Pitching for Erie SeaWolves : RHP Adam Huemmer
Batting: SHB Mario Padron 0-0: Called Strike
0-1: Called Strike
0-2: Foul Ball, location: 2F
0-2: Ball
1-2: Ball
2-2: Foul Ball, location: 2F
2-2: Foul Ball, location: 2F
2-2: Fly out, F6 (Flyball, 6MD, EV 90.0 MPH)
Batting: RHB Juan Montez 0-0: Ball
1-0: SINGLE (Groundball, 6MS, EV 65.6 MPH) (infield hit)
Batting: RHB Ryuji Ito 0-0: Called Strike
0-1: Called Strike
0-2: Foul Ball, location: 2RF, Error on foul ball, E2
0-2: Foul Ball, location: 2F
0-2: Ball
1-2: SINGLE (Groundball, 6MD, EV 103.8 MPH)
Juan Montez to second
Runner from 2nd tries for 3rd, SAFE, throw by CF made to third
Batting: LHB Justin Balthazor 0-0: Called Strike
0-1: Called Strike
0-2: Ball
1-2: Foul Ball, location: 2F
1-2: Strikes out swinging
Batting: RHB Timoleon Tsikouna 0-0: Fielders Choice at 2nd, 5-4 (Groundball, 5, EV 110.0 MPH)
Bottom of the 2nd over - 0 runs, 2 hits, 1 error, 2 left on base; Erie 4 - Arkansas 0
TOP OF THE 3RD
Erie SeaWolves batting - Pitching for Arkansas Travelers : RHP Tim Anderson
Batting: RHB Adam MacConnell 0-0: Ball
1-0: Foul Ball, location: 2F
1-1: Called Strike
1-2: Strikes out looking
Batting: RHB Benny O'Connor 0-0: DOUBLE (Flyball, 8RXD, EV 98.8 MPH)
Batting: RHB Tanner Purchase 0-0: Ball
1-0: Ball
2-0: Swinging Strike
2-1: Ball
3-1: Foul Ball, location: 2F
3-2: Foul Ball, location: 2F
3-2: Strikes out looking
Batting: RHB Jose Evangelista 0-0: TRIPLE (Line Drive, 89XD, EV 105.6 MPH)
Benny O'Connor scores
Pitching: RHP Tyler Keenan
Batting: RHB Willie Ochoa 0-0: Ball
1-0: Called Strike
1-1: Called Strike
1-2: Ball
2-2: Ball
3-2: Fly out, F8 (Flyball, 8LM, EV 88.8 MPH)
Top of the 3rd over - 1 run, 2 hits, 0 errors, 1 left on base; Erie 5 - Arkansas 0
BOTTOM OF THE 3RD
Arkansas Travelers batting - Pitching for Erie SeaWolves : RHP Adam Huemmer
Batting: RHB Danny Bjarnson 0-0: Foul Ball, location: 2F
0-1: Ball
1-1: DOUBLE (Line Drive, 8LD, EV 105.6 MPH)
Batting: LHB Larry Prey 0-0: Swinging Strike
0-1: Foul Ball, location: 2F
0-2: Ball
1-2: Foul Ball, location: 2F
1-2: Strikes out swinging
Batting: LHB Griffin Ferris 0-0: Ball
1-0: Swinging Strike
1-1: Called Strike
1-2: SINGLE (Groundball, 6D, EV 108.8 MPH)
Danny Bjarnson to third
Runner from 3rd tries for Home, SAFE, throw by CF to home
Batting: LHB Mark Reeg 0-0: Ground out 6-3 (Groundball, 4, EV 86.2 MPH)
Griffin Ferris to second
Batting: SHB Mario Padron 0-0: Ball
1-0: Ball
2-0: Ball
3-0: Called Strike
3-1: Base on Balls
Batting: RHB Juan Montez 0-0: Called Strike
0-1: Foul Ball, location: 2F
0-2: Foul Ball, location: 2F
0-2: Ball
1-2: Ball
2-2: Ball
3-2: Base on Balls
Griffin Ferris to third
Mario Padron to second
Batting: RHB Ryuji Ito 0-0: Ball
1-0: Ball
2-0: Called Strike
2-1: Foul Ball, location: 2F
2-2: Strikes out looking
Bottom of the 3rd over - 1 run, 2 hits, 0 errors, 3 left on base; Erie 5 - Arkansas 1
TOP OF THE 4TH
Erie SeaWolves batting - Pitching for Arkansas Travelers : RHP Tyler Keenan
Batting: RHB Mike Sebastian 0-0: Called Strike
0-1: Foul Ball, location: 2F
0-2: Ball
1-2: Foul Ball, location: 2F
1-2: Foul Ball, location: 2F
1-2: Strikes out swinging
Batting: RHB Eric Angelle 0-0: Ball
1-0: Ball
2-0: Ball
3-0: Base on Balls
Batting: RHB Tony Soto 0-0: SINGLE (Flyball, 9LM, EV 95.6 MPH)
Eric Angelle to second
Runner from 2nd tries for 3rd, SAFE, throw by RF made to third
Batting: RHB John Evancho 0-0: Foul Ball, location: 2F
0-1: Ball
1-1: Called Strike
1-2: Strikes out looking
Batting: RHB Adam MacConnell 0-0: Hit by Pitch
Tony Soto to second
Batting: RHB Benny O'Connor 0-0: Called Strike
0-1: Ball
1-1: Reached on error, E5 (Groundball, 56, EV 90.0 MPH)
Eric Angelle scores
Tony Soto to third
Adam MacConnell to second
Batting: RHB Tanner Purchase 0-0: Ball
1-0: Foul Ball, location: 2F
1-1: Swinging Strike
1-2: Ball
2-2: Foul Ball, location: 2F
2-2: Fielders Choice at 2nd, 6-4 (Groundball, 6, EV 80.0 MPH)
Top of the 4th over - 1 run, 1 hit, 1 error, 3 left on base; Erie 6 - Arkansas 1
BOTTOM OF THE 4TH
Arkansas Travelers batting - Pitching for Erie SeaWolves : RHP Adam Huemmer
Batting: LHB Justin Balthazor 0-0: Ground out 4-3 (Groundball, 4, EV 79.4 MPH)
Batting: RHB Timoleon Tsikouna 0-0: Ball
1-0: Ball
2-0: Called Strike
2-1: Ball
3-1: Foul Ball, location: 2F
3-2: Base on Balls
Batting: RHB Danny Bjarnson 0-0: DOUBLE (Groundball, 5L, EV 96.9 MPH)
Timoleon Tsikouna to third
Batting: LHB Larry Prey 0-0: Called Strike
0-1: Foul Ball, location: 2F
0-2: Fly out, F9 (Flyball, 9, EV 89.4 MPH)
Batting: LHB Griffin Ferris 0-0: Ball
1-0: Ground out 6-3 (Groundball, 6M, EV 83.1 MPH)
Bottom of the 4th over - 0 runs, 1 hit, 0 errors, 2 left on base; Erie 6 - Arkansas 1
TOP OF THE 5TH
Erie SeaWolves batting - Pitching for Arkansas Travelers : RHP Tyler Keenan
Batting: RHB Jose Evangelista 0-0: Ball
1-0: SINGLE (Groundball, 6D, EV 105.0 MPH)
Batting: RHB Willie Ochoa 0-0: Ball
1-0: Swinging Strike
1-1: Foul Ball, location: 2F
1-2: Foul Ball, location: 2F
1-2: Ball
2-2: Strikes out swinging
Batting: RHB Mike Sebastian 0-0: Called Strike
0-1: Ball
1-1: Ball
2-1: Swinging Strike
2-2: Strikes out swinging
Batting: RHB Eric Angelle 0-0: Fly out, F7 (Flyball, 78M, EV 86.9 MPH)
Top of the 5th over - 0 runs, 1 hit, 0 errors, 1 left on base; Erie 6 - Arkansas 1
BOTTOM OF THE 5TH
Arkansas Travelers batting - Pitching for Erie SeaWolves : RHP Adam Huemmer
Batting: LHB Mark Reeg 0-0: Called Strike
0-1: Swinging Strike
0-2: Ball
1-2: Foul Ball, location: 2F
1-2: Ball
2-2: Ball
3-2: SINGLE (Groundball, 34S, EV 66.2 MPH) (infield hit)
Batting: SHB Mario Padron 0-0: Ball
1-0: Called Strike
1-1: Swinging Strike
1-2: Ball
2-2: Strikes out looking
Batting: RHB Juan Montez 0-0: Called Strike
0-1: SINGLE (Groundball, 6MD, EV 100.0 MPH)
Mark Reeg to second
Runner from 2nd tries for 3rd, SAFE, throw by CF made to third
Batting: RHB Ryuji Ito 0-0: Ball
1-0: Ball
2-0: Called Strike
2-1: Ball
3-1: Base on Balls
Juan Montez to second
Batting: LHB Justin Balthazor 0-0: Called Strike
0-1: Ball
1-1: Ball
2-1: Grounds into double play, 5-4-3 (Groundball, 5, EV 85.6 MPH)
Bottom of the 5th over - 0 runs, 2 hits, 0 errors, 2 left on base; Erie 6 - Arkansas 1
TOP OF THE 6TH
Erie SeaWolves batting - Pitching for Arkansas Travelers : RHP Tyler Keenan
Batting: RHB Tony Soto 0-0: Ball
1-0: Foul Ball, location: 2F
1-1: SINGLE (Groundball, 5S, EV 73.1 MPH) (infield hit)
Pitching: RHP Jose Alvarado
Batting: RHB John Evancho 0-0: Called Strike
0-1: Ball
1-1: SINGLE (Groundball, 6MD, EV 97.5 MPH)
Tony Soto to second
Batting: RHB Adam MacConnell 0-0: Ball
1-0: Hit by Pitch
Tony Soto to third
John Evancho to second
Batting: RHB Benny O'Connor 0-0: Called Strike
0-1: Foul Ball, location: 2F
0-2: Foul Ball, location: 2F
0-2: Strikes out swinging
Batting: RHB Tanner Purchase 0-0: Called Strike
0-1: Swinging Strike
0-2: Fly out, F8 (Flyball, 8LD, EV 95.6 MPH)
Runner from 3rd tags up, SCORES, throw by CF
Batting: RHB Jose Evangelista 0-0: Foul Ball, location: 2F
0-1: Ball
1-1: SINGLE (Line Drive, 3D, EV 95.0 MPH)
John Evancho to third
Adam MacConnell to second
Runner from 3rd tries for Home, throw by RF and OUT! 9-2
Top of the 6th over - 1 run, 3 hits, 0 errors, 2 left on base; Erie 7 - Arkansas 1
BOTTOM OF THE 6TH
Arkansas Travelers batting - Pitching for Erie SeaWolves : RHP Adam Huemmer
Batting: RHB Timoleon Tsikouna 0-0: Foul Ball, location: 2F
0-1: Called Strike
0-2: Strikes out swinging
Batting: RHB Danny Bjarnson 0-0: Called Strike
0-1: Ball
1-1: Ball
2-1: SINGLE (Line Drive, 89M, EV 104.4 MPH)
Batting: LHB Larry Prey 0-0: Swinging Strike
0-1: Foul Ball, location: 2F
0-2: Strikes out looking
Batting: LHB Griffin Ferris 0-0: Called Strike
0-1: Ball
1-1: Ball
2-1: Ball
3-1: Foul Ball, location: 2F
3-2: Strikes out looking
Bottom of the 6th over - 0 runs, 1 hit, 0 errors, 1 left on base; Erie 7 - Arkansas 1
TOP OF THE 7TH
Erie SeaWolves batting - Pitching for Arkansas Travelers : RHP Jose Alvarado
Batting: RHB Willie Ochoa 0-0: Called Strike
0-1: Ground out 5-3 (Groundball, 56, EV 88.1 MPH)
Batting: RHB Mike Sebastian 0-0: Called Strike
0-1: Swinging Strike
0-2: Strikes out swinging
Batting: RHB Eric Angelle 0-0: Ground out 6-3 (Groundball, 6, EV 96.2 MPH)
Top of the 7th over - 0 runs, 0 hits, 0 errors, 0 left on base; Erie 7 - Arkansas 1
BOTTOM OF THE 7TH
Arkansas Travelers batting - Pitching for Erie SeaWolves : RHP Adam Huemmer
Pitching: RHP Denzel McPherson
Batting: LHB Mark Reeg 0-0: Ball
1-0: Foul Ball, location: 2F
1-1: Fly out, F2 (Popup, 2L, EV 88.8 MPH)
Batting: SHB Mario Padron 0-0: Called Strike
0-1: SOLO HOME RUN (Flyball, 89XD, EV 103.1 MPH), Distance : 416 ft
Batting: RHB Juan Montez 0-0: Ball
1-0: Ball
2-0: Ball
3-0: Base on Balls
Batting: RHB Ryuji Ito 0-0: Ball
1-0: Swinging Strike
1-1: Swinging Strike
1-2: Strikes out swinging
Batting: LHB Justin Balthazor 0-0: Ball
1-0: Ball
2-0: Ball
3-0: Base on Balls
Juan Montez to second
Batting: RHB Timoleon Tsikouna 0-0: Ball
1-0: Foul Ball, location: 2F
1-1: Ball
2-1: Swinging Strike
2-2: Foul Ball, location: 2F
2-2: Ball
3-2: Base on Balls
Juan Montez to third
Justin Balthazor to second
Batting: RHB Danny Bjarnson 0-0: Ball
1-0: Ball
2-0: Ball
3-0: Base on Balls
Juan Montez scores
Justin Balthazor to third
Timoleon Tsikouna to second
Batting: LHB Larry Prey 0-0: Hit by Pitch
Justin Balthazor scores
Timoleon Tsikouna to third
Danny Bjarnson to second
Pitching: RHP Eddie Hodgson
Batting: LHB Griffin Ferris 0-0: Ball
1-0: Called Strike
1-1: Ball
2-1: Ground out U3 (Groundball, 3, EV 81.9 MPH)
Bottom of the 7th over - 3 runs, 1 hit, 0 errors, 3 left on base; Erie 7 - Arkansas 4
TOP OF THE 8TH
Erie SeaWolves batting - Pitching for Arkansas Travelers : RHP Jose Alvarado
Pitching: RHP Jason Smallwood
Batting: RHB Tony Soto 0-0: Ball
1-0: Ball
2-0: Ball
3-0: Base on Balls
Batting: RHB John Evancho 0-0: Called Strike
0-1: Ball
1-1: Fielders Choice at 2nd, 4-6 (Groundball, 4, EV 103.1 MPH)
Batting: RHB Adam MacConnell 0-0: Foul Ball, location: 2F
0-1: Ball
1-1: Fielders Choice at 2nd, 3-6 (Groundball, 23, EV 90.0 MPH)
Batting: RHB Benny O'Connor 0-0: Ball
1-0: Ball
2-0: Called Strike
2-1: Ball
3-1: Base on Balls
Adam MacConnell to second
Batting: RHB Tanner Purchase 0-0: Ball
1-0: Called Strike
1-1: SINGLE (Groundball, 6MD, EV 108.8 MPH)
Adam MacConnell to third
Benny O'Connor to second
Runner from 3rd tries for Home, SAFE, throw by CF to home
Batting: RHB Jose Evangelista 0-0: Ball
1-0: Called Strike
1-1: Ball
2-1: Called Strike
2-2: Strikes out looking
Top of the 8th over - 1 run, 1 hit, 0 errors, 2 left on base; Erie 8 - Arkansas 4
BOTTOM OF THE 8TH
Arkansas Travelers batting - Pitching for Erie SeaWolves : RHP Eddie Hodgson
Batting: LHB Mark Reeg 0-0: Foul Ball, location: 2F
0-1: Ball
1-1: Fly out, F7 (Flyball, 7, EV 82.5 MPH)
Batting: SHB Mario Padron 0-0: Ball
1-0: Ball
2-0: Called Strike
2-1: Foul Ball, location: 2F
2-2: Strikes out swinging
Batting: RHB Juan Montez 0-0: Ball
1-0: Ball
2-0: Ball
3-0: Called Strike
3-1: SINGLE (Line Drive, 34D, EV 105.0 MPH)
Batting: RHB Ryuji Ito 0-0: Ball
1-0: Ball
2-0: Called Strike
2-1: Ball
3-1: Base on Balls
Juan Montez to second
Batting: LHB Justin Balthazor 0-0: Ball
1-0: Ball
2-0: Foul Ball, location: 2F
2-1: Swinging Strike
2-2: Strikes out swinging
Bottom of the 8th over - 0 runs, 1 hit, 0 errors, 2 left on base; Erie 8 - Arkansas 4
TOP OF THE 9TH
Erie SeaWolves batting - Pitching for Arkansas Travelers : RHP Jason Smallwood
Pitching: LHP Steve McClain
Batting: RHB Willie Ochoa 0-0: Swinging Strike
0-1: Called Strike
0-2: Ball
1-2: Ball
2-2: Strikes out swinging
Batting: RHB Mike Sebastian 0-0: Called Strike
0-1: Ball
1-1: Fly out, F7 (Flyball, 7D, EV 105.0 MPH)
Batting: RHB Eric Angelle 0-0: Ball
1-0: Swinging Strike
1-1: SINGLE (Groundball, 56D, EV 100.0 MPH) (infield hit)
Batting: RHB Tony Soto 0-0: Ball
1-0: Called Strike
1-1: Ball
2-1: Foul Ball, location: 2F
2-2: Foul Ball, location: 2F
2-2: Ball
3-2: Foul Ball, location: 2F
3-2: Strikes out swinging
Top of the 9th over - 0 runs, 1 hit, 0 errors, 1 left on base; Erie 8 - Arkansas 4
BOTTOM OF THE 9TH
Arkansas Travelers batting - Pitching for Erie SeaWolves : RHP Eddie Hodgson
Pitching: RHP Cameron Maxwell
Batting: RHB Timoleon Tsikouna 0-0: Called Strike
0-1: Ball
1-1: Ground out 4-3 (Groundball, 34, EV 81.9 MPH)
Batting: RHB Danny Bjarnson 0-0: Ground out 5-3 (Groundball, 56, EV 84.4 MPH)
Batting: LHB Larry Prey 0-0: DOUBLE (Flyball, 7LM, EV 96.2 MPH)
Batting: LHB Griffin Ferris 0-0: Called Strike
0-1: Swinging Strike
0-2: Strikes out swinging
Bottom of the 9th over - 0 runs, 1 hit, 0 errors, 1 left on base; Erie 8 - Arkansas 4
Tuesday, March 28th , 2023 - OOTP Baseball 23.10 Build 110